 Dungeon Crawl Stone Soup version 0.31-a0-819-gf6de2f5ab6 (webtiles) character file.

Game seed: 12365921182443101877

11 qw the Shooter (level 2, 0/17 HPs)
             Began as a Gargoyle Hunter on Sept 23, 2023.
             Slain by a worm (8 damage)
             ... on level 2 of the Dungeon.
             The game lasted 00:00:10 (630 turns).

qw the Shooter (Gargoyle Hunter)                     Turns: 630, Time: 00:00:10

Health: 0/17       AC:  9    Str: 14    XL:     2   Next: 29%
Magic:  2/2        EV: 10    Int:  9    God:
Gold:   91         SH:  0    Dex: 13    Spells: 1/1 levels left

rFire   . . .        Y - +0 shortbow
rCold   . . .        (shield currently unavailable)
rNeg    + . .        g - +0 ring mail
rPois   inf          e - +0 helmet
rElec   +            (no cloak)
rCorr   .            (no gloves)
SInv    .            (no boots)
Will    .....        (no amulet)
Stlth   +            (no ring)
HPRegen 0.22/turn    (no ring)
MPRegen 0.08/turn

%: no passive effects
@: no status effects
A: sickness immunity, AC +2, negative energy resistance 1, electricity
resistance, torment resistance 1, petrification resistance
a: no special abilities


You were on level 2 of the Dungeon.
You visited 1 branch of the dungeon, and saw 2 of its levels.

You collected 91 gold pieces.


Innate Abilities, Weirdness & Mutations

You are immune to sickness and miasma.
Your stone body is resilient. (AC +2)
You are immune to poison.
You resist negative energy. (rN+)
You are resistant to electric shocks. (rElec)
You are resistant to unholy torment.
You are immune to petrification.


   Skills:
 - Level 2.1 Fighting
 + Level 4.4 Ranged Weapons
 - Level 1.0 Armour
 - Level 1.5 Dodging
 - Level 1.1 Stealth


You had one spell level left.
You didn't know any spells.
Your spell library was empty.

Inventory:

Hand Weapons
 Y - a +0 shortbow (weapon)
Armour
 e - a +0 helmet (worn)
 f - a +0 cloak
 g - a +0 ring mail (worn)
Scrolls
 b - a scroll of fear {unknown}
 c - a scroll of teleportation
Potions
 a - a potion of ambrosia {unknown}
 d - a potion of enlightenment {unknown}

Dungeon Overview and Level Annotations

Branches:
Dungeon (2/15)

Altars:


Message History

You kill the endoplasm!
A kobold comes into view. It is wielding a +0 club.
Found a fuming blue potion.
The kobold moves out of view.
A worm comes into view.
You shoot an arrow. The arrow hits the kobold.
The kobold is severely wounded.
You shoot an arrow. The arrow barely misses the kobold.
You shoot an arrow.
The arrow hits the kobold but does no damage.
The kobold is severely wounded.
You shoot an arrow. The arrow misses the kobold.
The kobold misses you.
You shoot an arrow. The arrow barely misses the kobold.
The kobold hits you but does no damage.
You shoot an arrow.
The arrow hits the kobold but does no damage.
The kobold is severely wounded.
The kobold closely misses you. The kobold barely misses you.
You shoot an arrow. The arrow closely misses the kobold.
A quokka comes into view.
The kobold barely misses you.
You shoot an arrow.
The arrow hits the kobold but does no damage.
The kobold is moderately wounded.
The kobold hits you but does no damage.
You shoot an arrow. The arrow barely misses the kobold.
The kobold barely misses you. The worm closely misses you.
The kobold hits you but does no damage.
You shoot an arrow. The arrow hits the kobold.
You kill the kobold!
The worm bites you.
Your Armour skill increases to level 1!
You shoot an arrow. The arrow barely misses the worm.
The quokka barely misses you. The worm bites you!
You shoot an arrow. The arrow hits the quokka!
You kill the quokka!
You shoot an arrow.
The arrow hits the worm but does no damage.
The worm bites you!
You die...

#...###.....#......
#####......######......
#.(.#..###..# #......
#......# #..#######....
##'##..# #..#.......##.
#...#..# +..#.....####.
#.88#..# #..#####......
.######.####### #######
......w@....... #.
.......)....... .
............... .
......###.##... ..
.##### .. ## ## #.. ..!
##..


You could see a worm.

Vanquished Creatures
  An endoplasm (D:2)
  A goblin (D:1)
  3 hobgoblins (D:1)
  2 quokkas (D:2)
  A kobold (D:2)
  2 rats
10 creatures vanquished.

Notes
Turn   | Place    | Note
-------+----------+-------------------------------------------
     0 | D:1      | qw the Gargoyle Hunter began the quest for the Orb.
     0 | D:1      | Reached XP level 1. HP: 12/12 MP: 1/1
     0 | D:1      | 0 ||| qw: Version: 0.3-a-83-gcd0e7d8
     0 | D:1      | 0 ||| qw: Game counter: 1505
     0 | D:1      | 0 ||| qw: Melee chars always use a shield: true
     0 | D:1      | 0 ||| qw: God list: Okawaru
     0 | D:1      | 0 ||| qw: Allow faded altars: false
     0 | D:1      | 0 ||| qw: Do Orc after clearing Dungeon:15 true
     0 | D:1      | 0 ||| qw: Do second Lair branch before Depths: true
     0 | D:1      | 0 ||| qw: Lair rune preference: random
     0 | D:1      | 0 ||| qw: Goals: Normal
     0 | D:1      | 0 ||| PLANNING D:1-11
   486 | D:1      | 486 ||| UPGRADING to +0 helmet.
   491 | D:1      | 491 ||| UPGRADING to +0 ring mail.
   501 | D:1      | 501 ||| DROPPING +0 leather armour.
   502 | D:1      | 502 ||| READING scroll labelled NISUIL WUAB.
   506 | D:1      | 506 ||| DROPPING scroll of butterflies.
   531 | D:2      | Reached XP level 2. HP: 17/17 MP: 2/2
   628 | D:2      | Reached skill level 1 in Armour
   630 | D:2      | Slain by a worm

Levels and vault maps discovered:
D:1:      lordsloth_arrival_two_stooges, layout_loops_ring
D:2:      layout_rooms, shapermc_ecumenical_altar_mp_vishouse

Skill      XL: |  1  2 |
---------------+-------+-----
Armour         | 1 |  1.0
Fighting       | |  2.1
Ranged Weapons | |  4.4
Dodging        | |  1.5
Stealth        | |  1.1

Action                     || total
---------------------------++-------
   Fire: Shortbow          ||    33
    Use: Scroll            ||     1
 Armour: Ring mail         ||     6
  Dodge: Dodged            ||     7

Table legend:
 A = Non-vault XP
 B = Vault XP
 C = Vault XP percentage of total XP
 D = Non-vault monster count
 E = Vault monster count
 F = Vault count percentage of total count
                 A         B        C        D         E       F
            +---------+---------+-------+---------+---------+-------
      Total |      17 |       0 |   0.0 |      10 |       0 |   0.0
            +---------+---------+-------+---------+---------+-------
        D:1 |       9 |       0 |   0.0 |       5 |       0 |   0.0
        D:2 |       8 |       0 |   0.0 |       5 |       0 |   0.0
            +---------+---------+-------+---------+---------+-------
